 Dungeon Crawl Stone Soup version 0.29-a0-251-g80730f7218 (webtiles) character file.

Game seed: 385842191887145345

16 siradein the Magician (level 2, -2/21 HPs)
             Began as a Djinni Necromancer on Mar 6, 2022.
             Slain by a hobgoblin (3 damage)
             ... on level 1 of the Dungeon.
             The game lasted 00:01:08 (1194 turns).

siradein the Magician (Djinni Necromancer)          Turns: 1194, Time: 00:01:09

Health: -2/21      AC:  2    Str:  7    XL:     2   Next: 75%
Gold:   22         EV: 11    Int: 16    God:
                   SH:  3    Dex: 13

rFire   + + .      SeeInvis .   h - +2 dagger (vamp)
rCold   x . .      Faith    .   g - +0 buckler
rNeg    . . .      Spirit   .   a - +0 robe
rPois   ∞          Reflect  .   (no helmet)
rElec   .          Harm     .   (no cloak)
rCorr   .          Rampage  .   (no gloves)
Will    .....                   (boots unavailable)
Stlth   ++........              (no amulet)
HPRegen 0.07/turn               (no ring)
MPRegen 0.00/turn               (no ring)

@: flying
A: sickness immunity, fire resistance 2, cold vulnerability 1, float, innate
caster, HP casting, extra vitality 1
a: no special abilities


You were on level 1 of the Dungeon.
You visited 1 branch of the dungeon, and saw 1 of its levels.

You collected 22 gold pieces.

Inventory:

Hand Weapons
 h - a +2 vampiric dagger (weapon)
Armour
 a - a +0 robe (worn)
 g - a +0 buckler (worn)
Scrolls
 e - a scroll of enchant armour {unknown}
 f - 3 scrolls of amnesia {unknown}
Potions
 b - a potion of heal wounds {unknown}
 d - a potion of brilliance {unknown}


   Skills:
 - Level 2.1 Dodging
 - Level 1.5 Stealth
 + Level 3.8 Spellcasting


You couldn't memorise any spells.
You knew the following spells:

 Your Spells              Type           Power      Damage    Failure   Level
a - Pain                  Necr           60%        1d7       4%          1
b - Animate Skeleton      Necr           30%        N/A       4%          1
c - Vampiric Draining     Necr           15%        2d7       14%         3
d - Animate Dead          Necr           7%         N/A       43%         4
e - Agony                 Necr           15%        N/A       80%         5
Your spell library was empty.

Dungeon Overview and Level Annotations

Branches:
Dungeon (1/15)

Altars:


Innate Abilities, Weirdness & Mutations

You are immune to sickness and miasma.
You are immune to poison.
Your flesh is very heat resistant. (rF++)
You are vulnerable to cold. (rC-)
You float through the air rather than walking.
You learn spells naturally, not from books.
Your magical power is your life essence.
You have superior vitality. (+4 MHP)


Message History

The kobold is severely wounded.
You block the kobold's attack.
You hit the kobold.
You feel better.
You kill the kobold!
You hit the rat.
You kill the rat!
You closely miss the hobgoblin. You block the hobgoblin's attack.
You hit the hobgoblin but do no damage. The hobgoblin closely misses you.
You hit the hobgoblin but do no damage. The hobgoblin barely misses you.
You hit the hobgoblin but do no damage. The hobgoblin hits you.
You hit the hobgoblin but do no damage. The hobgoblin barely misses you.
You closely miss the hobgoblin. The hobgoblin misses you.
You hit the hobgoblin.
The hobgoblin is severely wounded.
The hobgoblin barely misses you.
You barely miss the hobgoblin.
The hobgoblin is severely wounded.
The hobgoblin hits you.
* * * LOW HITPOINT WARNING * * *
You closely miss the hobgoblin.
The hobgoblin is severely wounded.
The hobgoblin closely misses you.
You barely miss the hobgoblin.
The hobgoblin is severely wounded.
You block the hobgoblin's attack.
You hit the hobgoblin but do no damage.
The hobgoblin is severely wounded.
The hobgoblin hits you.
* * * LOW HITPOINT WARNING * * *
You closely miss the hobgoblin.
The hobgoblin is severely wounded.
The hobgoblin hits you but does no damage.
You hit the hobgoblin.
You feel better.
The hobgoblin is almost dead.
The hobgoblin hits you.
* * * LOW HITPOINT WARNING * * *
You hit the hobgoblin but do no damage.
The hobgoblin is almost dead.
The hobgoblin hits you.
You die...

##### #### #...# #.÷.
######### #.#:#######.#.
........# ##.#.#.....#.#.
........#######..#.#.#.#.#.##
.....?..'.gg@....#...#.#...#.
........#######..#####.#####.
........# #..#...#.#...#.
.....r..# #..#.#.#.#.#.#.
...g....+ #..#.#.....#.#.
........# #..#.#######.#)
........# #..............
..####### ###............
#.........###


You could see 2 hobgoblins.

Vanquished Creatures
  An endoplasm (D:1)
  A goblin (D:1)
  A quokka (D:1)
  4 ball pythons (D:1)
  A bat (D:1)
  3 frilled lizards (D:1)
  3 kobolds (D:1)
  4 rats (D:1)
18 creatures vanquished.

Notes
Turn   | Place    | Note
-------+----------+-------------------------------------------
     0 | D:1      | siradein the Djinni Necromancer began the quest for the
                  | Orb.
     0 | D:1      | Reached XP level 1. HP: 15/15 MP: 0/0
   416 | D:1      | Reached XP level 2. HP: 19/21 MP: 0/0
  1193 | D:1      | HP: 1/21 [hobgoblin (4)]
  1194 | D:1      | Slain by a hobgoblin

Illustrated notes

Levels and vault maps discovered:
D:1:      co_arrival_random_square_maze, layout_basic, kennysheep_small_spiral,
          minmay_misc_feat_ornament, hangedman_decor_points

Action                   || total
-------------------------++-------
Melee: Dagger            ||    31
       Hand axe          ||     2
 Cast: Pain              ||    29
Armor: Robe              ||     4
Dodge: Dodged            ||    15
Block: Buckler           ||     3

Table legend: (Time is in decaauts)
 A = Elapsed time spent in this place.
 B = Non-inter-level travel time spent in this place.
 C = Inter-level travel time spent in this place.
 D = Time resting spent in this place.
 E = Time spent auto-exploring this place.
 F = Levels seen in this place.
 G = Mean time per level.
                   A        B        C        D        E       F      G
               +--------+--------+--------+--------+--------+-----+--------+
         Total |   1195 |   1195 |      0 |      0 |   1065 |   1 | 1195.0 |
       Dungeon |   1195 |   1195 |      0 |      0 |   1065 |   1 | 1195.0 |
               +--------+--------+--------+--------+--------+-----+--------+

Top non-repeatable levels by time:
     D:1: 1195 daAuts
